 Dungeon Crawl Stone Soup version 0.31-a0-45-g5f0c076935 (webtiles) character file.

Game seed: 2024150690357146451

32186 BlueFish the Fighter (level 13, -1/113 HPs)
             Began as a Green Draconian Artificer on May 21, 2023.
             Was the Champion of Fedhas.
             Slain by a death yak (17 damage)
             ... on level 4 of the Lair of Beasts on May 22, 2023.
             The game lasted 00:44:46 (13196 turns).

BlueFish the Fighter (Green Draconian Artificer)   Turns: 13196, Time: 00:44:46

Health: -1/113     AC: 11    Str: 15    XL:     13   Next: 30%
Magic:  19/19      EV: 17    Int: 16    God:    Fedhas [******]
Gold:   730        SH:  8    Dex: 18    Spells: 12/12 levels left

rFire   . . .        b - +6 dagger (freeze)
rCold   . . .        T - +2 buckler
rNeg    . . .        (body armour unavailable)
rPois   +            (helmet restricted)
rElec   .            z - +0 cloak
rCorr   .            (no gloves)
SInv    +            k - +1 pair of boots
Will    .....        p - amulet of regeneration
Stlth   ++++         m - +6 ring of dexterity
HPRegen 1.18/turn    y - ring of see invisible
MPRegen 0.16/turn

%: no passive effects
@: short of breath
A: breathe noxious fumes, AC +8, unfitting armour, poison resistance,
cold-blooded
a: Breathe Noxious Fumes, Renounce Religion, Wall of Briars, Grow
Ballistomycete, Overgrow, Grow Oklob


You were on level 4 of the Lair of Beasts.
You worshipped Fedhas.
Fedhas was exalted by your worship.
You visited 3 branches of the dungeon, and saw 17 of its levels.
You also visited: Sewer.

You collected 1036 gold pieces.
You spent 306 gold pieces at shops.

Inventory:

Hand Weapons
 a - a +2 dagger of electrocution
 b - a +6 dagger of freezing (weapon)
Armour
 k - a +1 pair of boots (worn)
 z - a +0 cloak (worn)
 T - a +2 buckler (worn)
Jewellery
 m - a +6 ring of dexterity (left hand)
 p - an amulet of regeneration (around neck)
 w - an amulet of reflection
 y - a ring of see invisible (right hand)
 K - a ring of protection from fire
 W - a ring of wizardry
Wands
 c - a wand of charming (25)
 d - a wand of iceblast (3)
 n - a wand of roots (8)
 F - a wand of digging (5)
 H - a wand of mindburst (16)
 I - a wand of acid (8)
 L - a wand of flame (25) (quivered)
Scrolls
 e - a scroll of identify
 g - 2 scrolls of torment
 l - 3 scrolls of immolation
 r - 4 scrolls of magic mapping
 u - 2 scrolls of enchant weapon
 x - a scroll of fog
 A - 2 scrolls of enchant armour
 D - 6 scrolls of teleportation
 E - 3 scrolls of amnesia
 G - 4 scrolls of vulnerability
 J - a scroll of summoning
 O - 2 scrolls of blinking
 V - 4 scrolls of poison
 Y - a scroll of silence
 Z - 2 scrolls of fear
Potions
 f - 5 potions of might
 h - a potion of magic
 i - 4 potions of heal wounds
 j - 2 potions of attraction
 o - 8 potions of ambrosia
 q - a potion of invisibility
 s - 6 potions of curing
 t - 8 potions of flight
 v - a potion of cancellation
 B - 4 potions of lignification
 M - 2 potions of berserk rage
 R - 2 potions of mutation
 S - 4 potions of brilliance
 U - a potion of resistance
 X - 2 potions of haste
Miscellaneous
 N - a phial of floods
 Q - a box of beasts


   Skills:
 + Level 10.1 Fighting
 + Level 9.2 Short Blades
 + Level 8.7 Dodging
 + Level 9.3 Stealth
 + Level 7.4 Shields
 + Level 8.4 Invocations
 + Level 9.9 Evocations


You had 12 spell levels left.
You didn't know any spells.
Your spell library contained the following spells:

 Spells                   Type           Power      Damage    Failure   Level
 Apportation              Tloc           0%         N/A       30%         1
 Frozen Ramparts          Ice            0%         1d1       67%         3
 Inner Flame              Hex/Fire       0%         N/A       67%         3
 Tukima's Dance           Hex            0%         N/A       67%         3
 Fulminant Prism          Conj/Hex       0%         3d5       97%         4
 Ice Form                 Ice/Tmut       0%         N/A       97%         4
 Passage of Golubria      Tloc           0%         N/A       97%         4
 Summon Ice Beast         Ice/Summ       0%         N/A       97%         4
 Alistair's Intoxication  Tmut/Pois      0%         N/A       100%        5
 Irradiate                Conj/Tmut      0%         3d11      100%        5
 Summon Forest            Summ/Tloc      0%         N/A       100%        5
 Yara's Violent Unravell  Hex/Tmut       0%         3d3       100%        5
 Eringya's Noxious Bog    Tmut/Pois      0%         N/A       100%        6
 Summon Hydra             Summ           0%         N/A       100%        7


Dungeon Overview and Level Annotations

Branches:
Dungeon (11/15)            Temple (1/1) D:6            Lair (5/5) D:9
 Shoals (0/4) Lair:3       Spider (0/4) Lair:2        Slime (0/5) Lair:4
    Orc (0/2) D:9           Sewer (visited)

Altars:
Ashenzari
Dithmenos
Elyvilon
Fedhas
Gozag
Hepliaklqana
Kikubaaqudgha
Makhleb
Nemelex Xobeh
Okawaru
Qazlal
Ru
Sif Muna
Trog
Uskayaw
Vehumet
Wu Jian
Xom
Yredelemnul
Zin
The Shining One
Jiyva

Shops:
D:5 ?   D:6 ?   D:9 [

Annotations:
D:5 2 transporters, ZoeForever1's ghost, amateur DEAE
D:10 1 runed translucent door, lunkers's ghost, journeyman MeWn


Innate Abilities, Weirdness & Mutations

You can breathe blasts of noxious fumes.
Your lurid green scales are hard. (AC +8)
You cannot fit into any form of body armour.
Your system is resistant to poisons. (rPois)
You are cold-blooded and may be slowed by cold attacks.


Message History

The death yak is severely wounded.
You barely miss the death yak.
You tail-slap the death yak, but do no damage.
The death yak is severely wounded.
The death yak is engulfed in noxious fumes.
The death yak gores you.
You hit the death yak but do no damage. You tail-slap the death yak.
The death yak is severely wounded.
You hit the death yak but do no damage.
The death yak is severely wounded.
The death yak is engulfed in noxious fumes.
You block the death yak's attack.
You hit the death yak. You freeze the death yak.
The death yak is severely wounded.
You hit the death yak. You freeze the death yak.
The death yak is almost dead.
The death yak misses you.
You hit the death yak. You freeze the death yak.
You tail-slap the death yak, but do no damage.
The death yak is almost dead.
The death yak gores you!
* * * LOW HITPOINT WARNING * * *
You hit the death yak. You freeze the death yak.
The death yak is almost dead.
You hit the death yak. You freeze the death yak.
You tail-slap the death yak, but do no damage.
The death yak is almost dead.
The death yak gores you!
* * * LOW HITPOINT WARNING * * *
You hit the death yak but do no damage.
The death yak is almost dead.
You hit the death yak but do no damage.
You tail-slap the death yak, but do no damage.
The death yak is almost dead.
The death yak misses you.
You barely miss the death yak.
The death yak is almost dead.
The death yak gores you!
You die...
Fedhas appreciates your contribution to the ecosystem.

... ##..#.......P##.... ...
#..##........###... ...
###..#........####... ... ##
#####...#..........##.... ...
#.##.P#..............###.... .#P
##...P..............#.#...#.
######........†...........#..##.#
##.............P............## ##
.....!........>Y@.##..#P...##
#.#.........._....#######..
##..$.............# #..#
..................# #P.
.................## ...
..............#### ##..
..#..........## .#.#P......###
####....P.##


You could see a death yak and a neutral oklob plant (unaware).

Vanquished Creatures
  Josephine (D:11)
  6 two-headed ogres
  A centaur warrior (D:11)
  2 death yaks (Lair:4)
  Nergalle (Lair:2)
  An orb spider (Lair:2)
  2 ugly things (D:11)
  A manticore (D:9)
  Joseph (D:10)
  6 elephants (Lair:3)
  4 cane toads
  3 komodo dragons
  A kobold demonologist (D:7)
  3 rime drakes
  5 trolls
  A hornet (D:11)
  A queen bee (Lair:1)
  5 blink frogs (Lair:1)
  4 dream sheep (Lair:3)
  Sigmund (D:6)
  6 slime creatures
  7 wraiths
  A wyvern (D:9)
  2 vampires
  25 yaks
  4 basilisks
  3 steam dragons
  Edmund (D:4)
  An acid dragon (D:9)
  8 water moccasins
  Duvessa (D:4)
  8 orc warriors
  4 ice beasts
  2 sky beasts
  2 black bears
  2 ogres
  12 centaurs
  4 wolves (Lair:1)
  A phantom (D:7)
  6 kobold brigands
  18 bullfrogs
  Blork the orc (D:4)
  4 scorpions
  4 jellies
  6 wights (D:9)
  Dowan (D:4)
  24 killer bees
  3 howler monkeys (D:9)
  3 orc priests
  Crazy Yiuf (D:3)
  3 hounds
  10 orc wizards
  Jessica (D:2)
  Natasha (thrice) (D:4)
  4 iguanas
  A gnoll (D:7)
  9 adders
  5 river rats
  A shadow imp (D:7)
  6 dart slugs
  3 worms (D:3)
  45 orcs
  3 bats
  3 endoplasms
  A giant cockroach (D:2)
  3 goblins
  3 hobgoblins
  10 jackals
  20 kobolds
  5 quokkas
  4 ball pythons
  3 frilled lizards
  12 rats
373 creatures vanquished.

Vanquished Creatures (collateral kills)
  A bullfrog (Lair:2)
  2 killer bees (Lair:1)
  2 orcs (D:9)
5 creatures vanquished.

Vanquished Creatures (others)
  2 oklob plants (Lair:4)
  A cane toad (Lair:4)
  A sleepcap (D:6)
  A butterfly (D:10)
5 creatures vanquished.

Grand Total: 383 creatures vanquished

Notes
Turn   | Place    | Note
-------+----------+-------------------------------------------
     0 | D:1      | BlueFish the Draconian Artificer began the quest for the
                  | Orb.
     0 | D:1      | Reached XP level 1. HP: 16/16 MP: 1/1
    86 | D:1      | Reached skill level 1 in Stealth
   177 | D:1      | Reached XP level 2. HP: 23/23 MP: 2/2
   204 | D:1      | Found a faded altar of an unknown god.
   849 | D:2      | Noticed Jessica
   855 | D:2      | Killed Jessica
   856 | D:2      | Reached skill level 2 in Fighting
   856 | D:2      | Reached XP level 3. HP: 26/29 MP: 3/3
  1142 | D:2      | Reached skill level 1 in Short Blades
  1449 | D:3      | Reached XP level 4. HP: 36/36 MP: 4/4
  1496 | D:3      | Found a glowing drain.
  1501 | Sewer    | Entered a sewer
  1536 | Sewer    | Reached XP level 5. HP: 11/42 MP: 5/5
  1728 | Sewer    | Found a white marble altar of Elyvilon.
  1898 | D:3      | Reached skill level 3 in Fighting
  2025 | D:3      | Reached XP level 6. HP: 51/51 MP: 6/6
  2051 | D:3      | Found a hide-covered altar of Uskayaw.
  2464 | D:3      | Found a sacrificial altar of Ru.
  2559 | D:3      | Found a runed translucent door.
  2560 | D:3      | Noticed Crazy Yiuf
  2573 | D:3      | Killed Crazy Yiuf
  2717 | D:4      | Found a bloodstained altar of Trog.
  2777 | D:4      | Noticed Edmund
  2790 | D:4      | Noticed Blork the orc
  2803 | D:4      | Killed Blork the orc
  2820 | D:4      | Noticed Natasha
  2827 | D:4      | Killed Natasha
  2879 | D:4      | Your scales start taking on a lurid green colour.
  2879 | D:4      | Reached XP level 7. HP: 53/58 MP: 7/7
  2879 | D:4      | Gained mutation: Your system is resistant to poisons.
                  | (rPois) [Green Draconian growth]
  3064 | D:4      | Noticed Natasha
  3077 | D:4      | Killed Natasha
  3080 | D:4      | Noticed Dowan
  3080 | D:4      | Noticed Duvessa
  3097 | D:4      | Killed Duvessa
  3098 | D:4      | Reached skill level 4 in Fighting
  3105 | D:4      | Killed Dowan
  3211 | D:4      | Noticed Natasha
  3267 | D:4      | Killed Natasha
  3307 | D:4      | Killed Edmund
  3308 | D:4      | Reached skill level 5 in Evocations
  3387 | D:5      | Entered Level 5 of the Dungeon
  3435 | D:5      | Reached XP level 8. HP: 67/67 MP: 8/8
  3541 | D:5      | Reached skill level 5 in Fighting
  3806 | D:5      | Identified the +1 dire flail of the Tiger {distort, rElec
                  | rF- rN+++ Stlth+}
  3808 | D:5      | Noticed ZoeForever1's ghost (amateur DEAE)
  3809 | D:5      | Found a transporter.
  3811 | D:5      | Found a transporter.
  3847 | D:5      | Found a sparkling altar of Nemelex Xobeh.
  3972 | D:5      | Found Wuodig's Magic Scroll Shop.
  4261 | D:6      | Found a staircase to the Ecumenical Temple.
  4269 | Temple   | Entered the Ecumenical Temple
  4299 | Temple   | Became a worshipper of Fedhas Madash
  4404 | D:6      | Reached skill level 5 in Dodging
  4426 | D:6      | Identified the +4 sling of Devotion {heavy, rF+ Dex+3}
  4476 | D:6      | Reached skill level 5 in Stealth
  4476 | D:6      | Reached skill level 1 in Invocations
  4544 | D:6      | Found Qargh's Magic Scroll Emporium.
  4557 | D:6      | Bought a scroll of identify for 24 gold pieces
  4557 | D:6      | Bought a scroll of teleportation for 36 gold pieces
  4557 | D:6      | Bought a scroll of fear for 48 gold pieces
  4571 | D:6      | Noticed Sigmund
  4578 | D:6      | Killed Sigmund
  4579 | D:6      | Reached XP level 9. HP: 75/75 MP: 10/10
  4679 | D:6      | Reached skill level 5 in Short Blades
  4935 | D:7      | Reached skill level 6 in Fighting
  5028 | D:7      | Reached * piety under Fedhas
  5037 | D:7      | Reached skill level 1 in Shields
  5214 | D:7      | Noticed a komodo dragon
  5214 | D:7      | Noticed a two-headed ogre
  5228 | D:7      | Killed a komodo dragon
  5242 | D:7      | Killed a two-headed ogre
  5259 | D:7      | Reached XP level 10. HP: 43/84 MP: 12/12
  5427 | D:7      | Noticed a two-headed ogre
  5453 | D:7      | Killed a two-headed ogre
  5454 | D:7      | Reached skill level 7 in Fighting
  5620 | D:8      | You fall into a shaft and drop 1 floor!
  5685 | D:8      | Found a glowing golden altar of the Shining One.
  5855 | D:8      | Reached ** piety under Fedhas
  6264 | D:9      | Found a staircase to the Lair.
  6283 | D:9      | Noticed a two-headed ogre
  6395 | D:9      | Reached *** piety under Fedhas
  6426 | D:9      | Noticed a two-headed ogre
  6445 | D:9      | Killed a two-headed ogre
  6446 | D:9      | Reached skill level 5 in Invocations
  6517 | D:9      | Killed a two-headed ogre
  6518 | D:9      | Reached XP level 11. HP: 93/93 MP: 14/14
  6573 | D:9      | Found a staircase to the Orcish Mines.
  6984 | D:9      | Reached skill level 8 in Fighting
  7072 | D:9      | Found Saptuipt's Armour Boutique.
  7161 | D:9      | Bought a +2 buckler for 198 gold pieces
  7449 | D:9      | Reached **** piety under Fedhas
  7575 | D:9      | Found an ancient bone altar of Kikubaaqudgha.
  7594 | D:9      | Found a shimmering blue altar of Sif Muna.
  7596 | D:9      | Found a radiant altar of Vehumet.
  7895 | D:10     | Entered Level 10 of the Dungeon
  7897 | D:10     | Noticed a two-headed ogre
  7899 | D:10     | Killed a two-headed ogre
  7900 | D:10     | Reached skill level 5 in Shields
  7998 | D:10     | Found a runed translucent door.
  7998 | D:10     | Noticed lunkers's ghost (journeyman MeWn)
  8004 | D:10     | Found a shimmering altar of Xom.
  8218 | D:10     | Noticed Joseph
  8240 | D:10     | Killed Joseph
  8257 | D:10     | Found a white marble altar of Elyvilon.
  8260 | D:10     | Identified the +9 battleaxe of Jylomn {flame, Str+6 Int+8
                  | Dex-4}
  8498 | D:11     | Noticed a centaur warrior
  8512 | D:11     | Killed a centaur warrior
  8648 | D:11     | Noticed a two-headed ogre
  8671 | D:11     | Killed a two-headed ogre
  8800 | D:11     | Noticed a white ugly thing
  8831 | D:11     | Reached XP level 12. HP: 102/103 MP: 17/17
  8943 | D:11     | HP: 2/103 [white ugly thing (16)]
  9034 | D:11     | Noticed Josephine
  9049 | D:11     | Killed Josephine
  9050 | D:11     | Reached skill level 9 in Fighting
  9289 | D:11     | Reached ***** piety under Fedhas
 10200 | Lair:1   | Entered Level 1 of the Lair of Beasts
 11413 | Lair:2   | Noticed Nergalle
 11421 | Lair:2   | Killed Nergalle
 11561 | Lair:2   | Found a hole to the Spider Nest.
 11925 | Lair:3   | Reached XP level 13. HP: 92/113 MP: 17/19
 12219 | Lair:3   | Found the +2 ratskin cloak {*Rats rPois rN+ Str-1 Int-1
                  | Dex+1}
 12389 | Lair:3   | Found a staircase to the Shoals.
 12768 | Lair:3   | Reached skill level 10 in Fighting
 12832 | Lair:3   | Reached ****** piety under Fedhas
 13041 | Lair:4   | Found a staircase to the Slime Pits.
 13042 | Lair:4   | Found a viscous altar of Jiyva.
 13045 | Lair:4   | You fall into a shaft and drop 1 floor!
 13045 | Lair:5   | Entered Level 5 of the Lair of Beasts
 13196 | Lair:4   | Slain by a death yak

Illustrated notes

Levels and vault maps discovered:
D:1:      minmay_arrival_stair_chambers, layout_loops_cross,
          shapermc_ecumenical_altar_mp_urbaneastern
D:2:      minmay_wonky_spiral, layout_basic, corner_web_ring, minmay_cupped,
          uniq_jessica
D:3:      layout_basic, lemuel_coloured_pillars_altar,
          mainiacjoe_overflow_alcove_4, lightli_sewer_entry_pipes,
          serial_bayou_pond_a, uniq_crazy_yiuf_cottage
D:4:      layout_gridville, lemuel_doored_altar, minmay_misc_feat_rows,
          lightli_corner_chamber, uniq_edmund, uniq_blork_the_orc, uniq_natasha,
          uniq_duvessa
D:5:      layout_loops_ring, mainiacjoe_overflow_24_doors, serial_shops,
          nicolae_shop_crystal, gammafunk_ghost_smash
D:6:      layout_cave_pools, temple_fountains, serial_shops, shop, minivault_19,
          kennysheep_generic_room_15, uniq_sigmund
D:7:      minmay_the_grid_octo_triangle [minmay_the_grid_octo_clover_2,
          minmay_the_grid_octo_prize_big_c, minmay_the_grid_octo_checkerflower],
          layout_rooms
D:8:      layout_basic, tso_metal_star
D:9:      cheibrodos_ideogram_h, layout_small_grid,
          grunt_temple_overflow_magic_moments, lair_entry_dummy, david_orc_2,
          serial_shops, nicolae_shop_tiny_real_fake_doors
D:10:     layout_rooms, nicolae_overflow_crystal_walls,
          nicolae_elyvilon_peaceful_grove, hellmonk_ghost_big_iron, uniq_joseph
D:11:     lemuel_troll_bridge, layout_layer_cave, uniq_josephine
Temple:   minmay_temple_bridge_abc
Lair:1:   layout_cave_pods, special_room [special_room_bee]
Lair:2:   layout_hall_layers, nicolae_spider_entry_orb_guardian,
          lemuel_fruit_tree, uniq_nergalle
Lair:3:   layout_regular_city, elwin_shoals_entry_rocks, grunt_megastairs_4,
          infiniplex_staircase_pool_2
Lair:4:   layout_cave_pods, minmay_slime_entry_oklob_open
Lair:5:   guppyfry_lair_end_dragon, layout_cave_pods, wormcave

Skill      XL: |  1  2  3  4  5  6  7  8  9 10 11 12 13 |
---------------+----------------------------------------+-----
Stealth        | 1 2 3 4 5 6 7 8 9 |  9.3
Fighting       | 2 3 4 5 6 7 8 9 10 | 10.1
Short Blades   | 1 2 3 4 5 6 7 8 9 |  9.2
Dodging        | 3 4 5 6 7 8 |  8.7
Evocations     | 4 5 6 7 8 9 |  9.9
Invocations    | 1 3 5 6 8 |  8.4
Shields        | 2 4 5 7 |  7.4

Action                     |  1- 3 |  4- 6 |  7- 9 | 10-12 | 13-15 || total
---------------------------+-------+-------+-------+-------+-------++-------
  Melee: Short sword       |    43 |       |       |       |       ||    43
         Tailslap          |    16 |    21 |    44 |   201 |    64 ||   346
         Dagger            |    86 |   207 |   247 |   954 |   228 ||  1722
         Punch             |     1 |     1 |     1 |       |       ||     3
Ability: Breathe Noxious F |       |       |    17 |    38 |    10 ||    65
  Evoke: Wand              |       |     1 |     5 |    10 |       ||    16
         Box of beasts     |       |       |       |     1 |       ||     1
    Use: Scroll            |       |       |       |    27 |     1 ||    28
   Stab: Sleeping          |     6 |     2 |     8 |    16 |     3 ||    35
         Confused          |       |       |     8 |    40 |     6 ||    54
         Distracted        |       |       |     2 |     1 |     1 ||     4
 Armour: Skin              |    33 |    50 |    47 |   164 |    36 ||   330
  Dodge: Dodged            |    58 |   110 |   112 |   476 |    90 ||   846
  Block: Buckler           |       |       |    21 |   263 |    49 ||   333

Table legend: (Time is in decaauts)
 A = Elapsed time spent in this place.
 B = Non-inter-level travel time spent in this place.
 C = Inter-level travel time spent in this place.
 D = Time resting spent in this place.
 E = Time spent auto-exploring this place.
 F = Levels seen in this place.
 G = Mean time per level.
                   A        B        C        D        E       F      G
               +--------+--------+--------+--------+--------+-----+--------+
         Total |  12871 |  12350 |    521 |    238 |   7549 |  18 |  715.1 |
       Dungeon |   9704 |   9315 |    389 |    150 |   6068 |  11 |  882.2 |
        Temple |     51 |     30 |     21 |      0 |     19 |   1 |   51.0 |
          Lair |   2816 |   2705 |    111 |     88 |   1308 |   5 |  563.2 |
         Sewer |    299 |    299 |      0 |      0 |    153 |   1 |  299.0 |
               +--------+--------+--------+--------+--------+-----+--------+

Top non-repeatable levels by time:
    D:11: 1656 daAuts
     D:9: 1616 daAuts
  Lair:3: 1000 daAuts
  Lair:1: 989 daAuts
     D:3: 965 daAuts
     D:5: 860 daAuts
     D:7: 762 daAuts
     D:4: 758 daAuts
     D:1: 727 daAuts
     D:2: 668 daAuts
    D:10: 591 daAuts
     D:8: 585 daAuts
  Lair:2: 512 daAuts
     D:6: 510 daAuts
  Lair:4: 299 daAuts
